Map: Alcyone LE

Players

Zain

  • Race: Protoss Protoss
  • Spawn Location: 7:00

SKillous - Winner!

  • Race: Protoss Protoss
  • Spawn Location: 1:00

Event: ESL Spring 2024 Finals

VOD

Have the link to the VOD?

Description

Time

  • Played on: May 31, 2024, 11:48 a.m.
  • Length: 5:19

All games in this series

Show
View Real Time Build Order
Export as new Build Order

Zain Protoss 

Build Orders:  

Get SALT Encoding   

  12  0:00  Probe  
  13  0:12  Probe  
  14  0:17  Pylon  
  14  0:24  Probe  
  15  0:36  Gateway  
  15  0:37  Probe (Chrono Boost)  
  16  0:47  Assimilator, Probe (Chrono Boost)  
  17  0:52  Probe (Chrono Boost)  
  17  0:55  Assimilator  
  18  1:03  Probe (Chrono Boost)  
  19  1:13  Probe (Chrono Boost)  
  19  1:15  Gateway  
  20  1:18  Probe (Chrono Boost)  
  20  1:24  Cybernetics Core  
  21  1:30  Probe  
  22  1:38  Pylon  
  22  1:43  Probe  
  24  2:03  Robotics Facility  
  24  2:04  Stalker  
  26  2:09  Stalker  
  26  2:14  Warp Gate  
  27  2:17  Pylon  
  27  2:37  Stalker  
  27  2:39  Stalker  
  31  2:48  Immortal (Chrono Boost)  
  34  3:34  Pylon  
  34  3:40  Robotics Bay  
  34  3:45  Gateway  
  34  3:52  Pylon  
  34  4:02  Probe  
  35  4:08  Warp Prism (Chrono Boost)  
  35  4:13  Stalker x2  
  37  4:52  Stalker  
  37  4:53  Stalker  
  37  4:56  Stalker  
Show
View Real Time Build Order
Export as new Build Order

SKillous Protoss - Winner!

Build Orders: Phoenix Opening 

Get SALT Encoding   

  12  0:00  Probe  
  13  0:12  Probe  
  14  0:17  Pylon  
  14  0:24  Probe  
  15  0:35  Gateway  
  15  0:36  Probe (Chrono Boost)  
  16  0:46  Assimilator, Probe (Chrono Boost)  
  17  0:51  Probe (Chrono Boost)  
  17  0:54  Assimilator  
  18  1:03  Probe (Chrono Boost)  
  19  1:07  Gateway  
  20  1:12  Probe (Chrono Boost)  
  20  1:17  Probe (Chrono Boost)  
  20  1:25  Cybernetics Core  
  21  1:29  Probe  
  22  1:34  Pylon  
  22  1:41  Probe  
  23  1:53  Probe  
  24  2:01  Stalker x2, Warp Gate  
  28  2:12  Pylon  
  28  2:18  Pylon  
  28  2:31  Stalker x2  
  32  2:45  Stargate  
  32  2:51  Gateway  
  32  2:59  Pylon  
  36  3:06  Stalker  
  36  3:07  Stalker  
  36  3:13  Shield Battery  
  33  3:27  Phoenix (Chrono Boost)  
  35  3:43  Phoenix (Chrono Boost)  
  37  3:50  Zealot, Adept x2  
  43  3:56  Pylon  
  43  4:07  Phoenix (Chrono Boost)  
  45  4:17  Zealot  
  45  4:19  Stalker  
  49  4:29  Stalker  
  51  4:44  Stalker  
  53  4:49  Stalker  
  53  4:52  Pylon  
Tags
 
Add a new tag
Caveats
  • Supply blocks, unpowered buildings, or Contaminate may cause inaccurate times.
  • Supply counts are checked every 10 seconds.